 Dungeon Crawl Stone Soup version 0.19-b1-3-g7dea586 (webtiles) character file.

504 slr42 the Ruffian (level 6, -2/55 HPs)
             Began as a Draconian Transmuter on Oct 28, 2016.
             Was a Follower of Zin.
             Slain by tv1990's ghost (17 damage)
             ... on level 4 of the Dungeon.
             The game lasted 00:24:00 (4537 turns).

slr42 the Ruffian (Draconian Transmuter)            Turns: 4537, Time: 00:24:00

Health: -2/55      AC:  6    Str: 14    XL:     6   Next: 96%
Magic:  2/9        EV: 12    Int: 14    God:    Zin [*.....]
Gold:   143        SH:  0    Dex: 11    Spells: 2 memorised, 6 levels left

rFire  x . .     SeeInvis .       - Unarmed
rCold  + . .     Gourm    .     (armour unavailable)
rNeg   . . .     Faith    .     (no shield)
rPois  .         Spirit   .     (helmet restricted)
rElec  .         Reflect  .     (no cloak)
rCorr  .         Harm     .     (no gloves)
MR     .....                    (no boots)
Stlth  +.........               (no amulet)
                                (no ring)
                                t - ring of ice

@: very slightly contaminated
A: unfitting armour, cold-blooded, AC +6
a: Recite, Donate Gold, Renounce Religion


You were on level 4 of the Dungeon.
You worshipped Zin.
Zin was aware of your devotion.
You were hungry.

You visited 2 branches of the dungeon, and saw 5 of its levels.

You collected 158 gold pieces.
You donated 15 gold pieces to Zin.

Inventory:

Missiles
 a - 22 arrows
 o - 115 stones (quivered)
Armour
 w - a +0 cloak
Jewellery
 n - an uncursed ring of teleportation
 t - a ring of ice (left hand)
Scrolls
 d - 3 scrolls of teleportation
 e - 3 scrolls of identify {unknown}
 g - a scroll of blinking {unknown}
 h - 2 scrolls of remove curse
 i - a scroll of enchant armour {unknown}
 j - a scroll of immolation {unknown}
 k - a scroll of amnesia {unknown}
 l - a scroll of fog {unknown}
 p - a scroll of fear
Potions
 q - a potion of flight {unknown}
 r - a potion of mutation {unknown}
 s - a potion of haste {unknown}
 x - a potion of heal wounds
 z - 2 potions of curing {unknown}
 A - a potion of brilliance {unknown}
Books
 b - a book of Changes

   Spells                             Type                      Level
   a - Beastly Appendage              Transmutation                1
   b - Sticks to Snakes               Transmutation                2
   c - Spider Form                    Transmutation/Poison         3
   d - Ice Form                       Ice/Transmutation            4
   e - Blade Hands                    Transmutation                5
Comestibles
 c - 3 bread rations
 f - a beef jerky
 m - 3 meat rations
 v - a royal jelly


   Skills:
 + Level 4.8 Fighting
 + Level 2.1 Dodging
 + Level 4.9 Unarmed Combat
 - Level 2.0 Spellcasting
 + Level 4.4 Transmutations


You had 6 spell levels left.
You knew the following spells:

 Your Spells              Type           Power        Failure   Level  Hunger
a - Beastly Appendage     Tmut           ##....       4%          1    ##.....
b - Sticks to Snakes      Tmut           ##......     10%         2    ###....


Dungeon Overview and Level Annotations

Branches:
Dungeon (4/15)             Temple (1/1) D:4

Altars:
Ashenzari
Cheibriados
Dithmenos
Elyvilon
Fedhas
Gozag
Hepliaklqana
Kikubaaqudgha
Makhleb
Nemelex Xobeh
Okawaru
Qazlal
Ru
Sif Muna
Trog
Uskayaw
Vehumet
Xom
Yredelemnul
Zin
The Shining One

Annotations:
D:4 tv1990's ghost, novice FoMo


Innate Abilities, Weirdness & Mutations

Your plain brown scales are hard. (AC +6)
You cannot fit into any form of body armour.
You are cold-blooded and may be slowed by cold attacks.


Message History

Your ball python closely misses tv1990's ghost.
You hit tv1990's ghost but do no damage.
Tv1990's ghost is lightly damaged.
Your ball python bites tv1990's ghost but does no damage.
Tv1990's ghost hits you!
* * * LOW HITPOINT WARNING * * *
Your ball python bites tv1990's ghost but does no damage.
Your ball python closely misses tv1990's ghost.
You hit tv1990's ghost but do no damage.
Tv1990's ghost is lightly damaged.
Your ball python bites tv1990's ghost but does no damage.
Your ball python completely misses tv1990's ghost.
Tv1990's ghost misses you.
Your ball python bites tv1990's ghost but does no damage.
You barely miss tv1990's ghost.
Your tail-slap misses tv1990's ghost.
Tv1990's ghost is lightly damaged.
Your ball python barely misses tv1990's ghost. x2
Your ball python bites tv1990's ghost but does no damage.
Tv1990's ghost hits you!
You die...

#.## #..............
### ##.............
###...........
######............
#####.....####........
##........## ####.....
#........## ###..
#......###### ##
#....@.S....######
#.?..SWS.........###
#.............%....###
#...).................
#...!.................
#...(.................
#.....................
##....................
................


You could see tv1990's ghost and 3 friendly ball pythons.

Vanquished Creatures
  2 orc priests (D:3)
  2 orc wizards (D:3)
  2 worker ants
  3 gnolls (D:2)
  10 adders
  2 oozes (D:3)
  4 worms
  3 dart slugs
  15 orcs (D:3)
  9 bats
  2 giant cockroaches
  10 goblins
  6 hobgoblins
  3 jackals (D:1)
  2 ball pythons (D:2)
  5 frilled lizards
  9 kobolds
  6 rats
95 creatures vanquished.

Vanquished Creatures (collateral kills)
  Sigmund (D:4)
1 creature vanquished.

Grand Total: 96 creatures vanquished

Notes
Turn   | Place    | Note
-------+----------+-------------------------------------------
     0 | D:1      | slr42 the Draconian Transmuter began the quest for the Orb.
     0 | D:1      | Reached XP level 1. HP: 16/16 MP: 3/3
   254 | D:1      | Reached XP level 2. HP: 24/24 MP: 5/5
   835 | D:1      | Reached XP level 3. HP: 10/30 MP: 6/6
  1554 | D:2      | Reached XP level 4. HP: 14/38 MP: 7/7
  2659 | D:2      | Reached XP level 5. HP: 31/45 MP: 6/8
  3403 | D:3      | Reached XP level 6. HP: 23/52 MP: 9/9
  4102 | D:4      | Learned a level 2 spell: Sticks to Snakes
  4115 | D:4      | Noticed tv1990's ghost (novice FoMo)
  4245 | D:4      | Noticed Sigmund
  4258 | D:4      | Killed Sigmund
  4350 | D:4      | Found a staircase to the Ecumenical Temple.
  4390 | Temple   | Entered the Ecumenical Temple
  4480 | Temple   | Became a worshipper of Zin the Law-Giver
  4480 | Temple   | Reached * piety under Zin
  4537 | D:4      | Slain by tv1990's ghost

Skill      XL: |  1  2  3  4  5  6 |
---------------+-------------------+-----
Fighting       | 2 3 4 |  4.8
Transmutations | 3 4 |  4.4
Unarmed Combat | 4 |  4.9
Dodging        | 2 |  2.1
Spellcasting   | |  2.0

Action                   |  1- 3 |  4- 6 || total
-------------------------+-------+-------++-------
Melee: Unarmed           |   135 |   310 ||   445
       Headbutt          |     3 |    14 ||    17
       Tailslap          |     8 |    43 ||    51
       Kick              |    10 |    24 ||    34
       Punch             |     1 |     1 ||     2
 Cast: Beastly Appendage |    15 |    28 ||    43
       Sticks to Snakes  |       |     6 ||     6
  Use: Scroll            |     3 |     1 ||     4
       Potion            |       |     1 ||     1
  Eat: Chunk             |     2 |    11 ||    13
Armor: Skin              |    67 |    62 ||   129
Dodge: Dodged            |   128 |   173 ||   301
